[Event "Titled Tuesday Blitz August 22 Early 2023"]
[White "Mihailidis, Anastasios"]
[Black "Bashirli, Saadat"]
[WhiteFideId "4205588"]
[BlackFideId "13429990"]
[WhiteElo "2547"]
[BlackElo "2375"]
[Result "0-1"]
[Round "10"]
[TimeControl "180+1"]
[Date "2023.08.22"]
[WhiteClock "0:00:00"]
[BlackClock "0:00:05"]
[Board "85"]

1. e4 c6 2. d4 d5 3. exd5 cxd5 4. Bd3 Qc7 5. c3 Nf6 6. Ne2 Bg4 7. h3 Bh5 8. O-O e6 9. Bf4 Bd6 10. Bxd6 Qxd6 11. Qb3 b6 12. Ng3 Bg6 13. Bb5+ Nbd7 14. Nd2 O-O 15. Nf3 Ne4 16. Nxe4 Bxe4 17. Nd2 Bg6 18. Qa4 Nf6 19. Rfe1 a6 20. Be2 b5 21. Qb3 Rfe8 22. a4 bxa4 23. Rxa4 Reb8 24. Qa2 a5 25. b4 Qc7 26. Rc1 Qf4 27. g3 Qh6 28. h4 Ne4 29. Nb3 Bf5 30. Rxa5 Rxa5 31. Qxa5 Nxg3 32. Qc7 Nxe2+ 33. Kf1 Rf8 34. Kxe2 Bg4+ 35. f3 Bf5 36. Qg3 Ra8 37. Nd2 g6 38. Qg5 Qg7 39. b5 f6 40. Qe3 Qb7 41. c4 dxc4 42. Rxc4 Qxb5 43. Kf2 Ra2 44. Rc3 Qb8 45. Kg2 Rb2 46. f4 Kg7 47. Kg3 Qb7 48. Qf3 Rb6 49. Qxb7+ Rxb7 50. Nf3 Rd7 51. Rc5 Be4 52. Rc4 Bd5 53. Rb4 h5 54. Nd2 Bc6 55. Nf3 Bd5 56. Kf2 Ra7 57. Ke3 Ra3+ 58. Kd2 Rxf3 59. Rb7+ Bxb7 0-1


[Site "https://www.chess.com"]

[Event "Titled Tuesday Blitz August 22 Early 2023"]
[White "kaanadayhamle"]
[Black "Nazaretyan, Tigran"]
[BlackFideId "24162345"]
[WhiteElo "2363"]
[BlackElo "2545"]
[Result "0-1"]
[Round "10"]
[TimeControl "180+1"]
[Date "2023.08.22"]
[WhiteClock "0:00:00"]
[BlackClock "0:00:22"]
[Board "86"]

1. e4 c5 2. Nf3 Nc6 3. Bb5 g6 4. Bxc6 dxc6 5. O-O Bg7 6. h3 Nf6 7. Re1 Nd7 8. c3 e5 9. d3 Nf8 10. a4 a5 11. Na3 Ne6 12. Nc4 Qc7 13. Be3 O-O 14. Qb3 Rd8 15. Rad1 Rb8 16. Ng5 b5 17. axb5 cxb5 18. Na3 a4 19. Qa2 h6 20. Nf3 Ba6 21. Nc2 Qc6 22. g3 b4 23. cxb4 cxb4 24. Qb1 Qb5 25. d4 exd4 26. Ncxd4 Nxd4 27. Nxd4 Qe8 28. f3 Qe5 29. Kg2 Qe8 30. Qc1 Rbc8 31. Qd2 Rc4 32. Qf2 Qd7 33. Nf5 Qxd1 34. Rxd1 Rxd1 35. Nxg7 b3 36. Bd2 Rc2 37. Qa7 Rcxd2+ 0-1


[Site "https://www.chess.com"]

[Event "Titled Tuesday Blitz August 22 Early 2023"]
[White "laimis61"]
[Black "Jaskolka, Tomasz"]
[BlackFideId "1170791"]
[WhiteElo "2311"]
[BlackElo "2544"]
[Result "1/2-1/2"]
[Round "10"]
[TimeControl "180+1"]
[Date "2023.08.22"]
[WhiteClock "0:00:05"]
[BlackClock "0:00:12"]
[Board "87"]

1. e4 d5 2. exd5 Nf6 3. d4 Bg4 4. Bb5+ Nbd7 5. Be2 Bxe2 6. Qxe2 Nxd5 7. Nf3 e6 8. O-O Be7 9. c4 N5f6 10. Nc3 O-O 11. Re1 c6 12. d5 cxd5 13. cxd5 Nc5 14. b4 Na6 15. dxe6 Bxb4 16. exf7+ Rxf7 17. Bb2 Qa5 18. Qc4 Qc5 19. Qb3 Re8 20. Rxe8+ Nxe8 21. Ne4 Qe7 22. Neg5 h6 23. Nxf7 Qxf7 24. Qxf7+ Kxf7 25. Ne5+ Ke6 26. Nd3 Bf8 27. Re1+ Kf7 28. Ne5+ Kg8 29. Nd7 Nec7 30. Nxf8 Kxf8 31. Rd1 Nc5 32. Ba3 Ne6 33. f4 g6 34. g4 b6 35. f5 gxf5 36. gxf5 Ng7 37. f6 Ne6 38. Rd7 a5 39. Ra7 Kg8 40. Bc1 h5 41. Bh6 Nd8 42. Ra8 Ne6 43. Be3 Kf7 44. Bxb6 Nc6 45. Bxa5 Kxf6 46. Bc3+ Kf5 47. a4 Ne7 48. a5 Nd5 49. Bd2 Ke4 50. a6 Nd4 51. Re8+ Kd3 52. a7 Nc7 53. a8=Q Nxa8 54. Rxa8 Kxd2 55. Kf2 Kd3 56. Rd8 Ke4 57. Rxd4+ Kxd4 58. Kg3 Ke5 59. Kh4 Kf6 60. Kxh5 Kg7 61. Kg5 Kh8 62. h4 Kg8 63. h5 Kh8 64. h6 Kg8 65. Kg6 Kh8 66. h7 1/2-1/2


[Site "https://www.chess.com"]

[Event "Titled Tuesday Blitz August 22 Early 2023"]
[White "Molina, Roberto Junio Brito"]
[Black "Khamdamova, Afruza"]
[WhiteFideId "2109450"]
[BlackFideId "14210444"]
[WhiteElo "2810"]
[BlackElo "2492"]
[Result "1-0"]
[Round "10"]
[TimeControl "180+1"]
[Date "2023.08.22"]
[WhiteClock "0:00:12"]
[BlackClock "0:00:02"]
[Board "88"]

1. e4 e6 2. d4 d5 3. Nd2 c5 4. exd5 cxd4 5. Bb5+ Bd7 6. Qe2 Qe7 7. dxe6 Qxe6 8. Qxe6+ fxe6 9. Bxd7+ Nxd7 10. Ngf3 Bc5 11. Nb3 Bb4+ 12. Bd2 Bxd2+ 13. Kxd2 O-O-O 14. Rae1 Ngf6 15. Rxe6 Nb6 16. Nfxd4 Rhf8 17. f3 Nbd5 18. g3 a6 19. c3 Kb8 20. Rhe1 h5 21. Kc1 h4 22. R6e2 hxg3 23. hxg3 Rd7 24. Nc5 Rdf7 25. Nce6 Rc8 26. g4 Nd7 27. Kb1 N7b6 28. Ng5 Rf6 29. Ne4 Rh6 30. Nf5 Rh3 31. Rf2 g6 32. Ne3 Nf4 33. Rd1 Re8 34. Nc2 Nc4 35. Ng5 Rg3 36. b3 Ne3 37. Nxe3 Rxe3 38. Kc2 Ka7 39. Rd4 Ne6 40. Nxe6 Rxe6 41. Kd2 Rg1 42. Kd3 Rd1+ 43. Rd2 Rf1 44. Rf4 Rd6+ 45. Ke2 Rf2+ 46. Kxf2 Rxd2+ 47. Ke3 Rxa2 48. Rf6 Rc2 49. Kd3 Rb2 50. b4 b6 51. Rxg6 a5 52. bxa5 bxa5 53. Re6 a4 54. Re4 Ra2 55. g5 Kb6 56. g6 Rg2 57. Rg4 1-0


[Site "https://www.chess.com"]

[Event "Titled Tuesday Blitz August 22 Early 2023"]
[White "Seletsky, Grigory"]
[Black "Hoang, Thi Bao Tram"]
[WhiteFideId "14112191"]
[BlackFideId "12401102"]
[WhiteElo "2473"]
[BlackElo "2676"]
[Result "1/2-1/2"]
[Round "10"]
[TimeControl "180+1"]
[Date "2023.08.22"]
[WhiteClock "0:00:05"]
[BlackClock "0:00:04"]
[Board "89"]

1. d4 d5 2. Nf3 Nf6 3. Bf4 c5 4. c3 cxd4 5. cxd4 e6 6. Nc3 Qb6 7. Qb3 Na6 8. Qxb6 axb6 9. a3 Bd7 10. e3 Nh5 11. Bg3 f6 12. Bd3 g6 13. Kd2 Nxg3 14. hxg3 Kf7 15. Rac1 Bd6 16. Nb5 Bxb5 17. Bxb5 Nc7 18. Be2 Ke7 19. Rh6 Kf7 20. Rch1 Kg7 21. R6h2 b5 22. Bd3 b4 23. axb4 Bxb4+ 24. Kc2 Bd6 25. Kb3 h5 26. Nh4 f5 27. Nf3 Kf6 28. Rc1 Ra5 29. Rhh1 Rha8 30. Ne5 Ne8 31. f4 Rd8 32. Rc3 Raa8 33. Rhc1 Ng7 34. Rh1 Ne8 35. Rhc1 Kg7 36. Be2 Nf6 37. Bf3 Ne8 38. Be2 Nf6 39. Bf3 Ra6 40. Kc2 Rb6 41. Rb1 Ra8 42. Rb3 Rxb3 43. Kxb3 Bxe5 44. dxe5 Ne8 45. Rc1 Kf7 46. Be2 Ke7 47. Bb5 Ra5 48. Bxe8 Kxe8 49. Rc7 Rb5+ 50. Kc3 Kf8 51. b4 Rb6 52. Kb3 Kg8 53. Re7 Kf8 54. Rc7 Kg8 55. Re7 Kf8 56. Rc7 1/2-1/2


[Site "https://www.chess.com"]

[Event "Titled Tuesday Blitz August 22 Early 2023"]
[White "Agibileg, Uurtsaikh"]
[Black "DeyanKostov"]
[WhiteFideId "4901606"]
[WhiteElo "2613"]
[BlackElo "2475"]
[Result "1-0"]
[Round "10"]
[TimeControl "180+1"]
[Date "2023.08.22"]
[WhiteClock "0:02:31"]
[BlackClock "0:01:42"]
[Board "90"]

1. d4 d5 2. c4 dxc4 3. e4 c5 4. d5 Nf6 5. Nc3 b5 6. e5 b4 7. exf6 bxc3 8. fxg7 Bxg7 9. bxc3 Bxc3+ 10. Bd2 Bxa1 11. Qxa1 Rg8 12. Bxc4 Nd7 13. Nf3 Nb6 14. Bb5+ Bd7 15. Bd3 f5 16. O-O Qc7 17. Ne5 O-O-O 18. Bf4 Nxd5 19. Ba6+ Kb8 20. Nxd7+ Rxd7 21. Bxc7+ 1-0


[Site "https://www.chess.com"]

[Event "Titled Tuesday Blitz August 22 Early 2023"]
[White "Tologon tegin, Semetei"]
[Black "Szyszylo, Rafal"]
[WhiteFideId "13800574"]
[BlackFideId "1109626"]
[WhiteElo "2601"]
[BlackElo "2466"]
[Result "1-0"]
[Round "10"]
[TimeControl "180+1"]
[Date "2023.08.22"]
[WhiteClock "0:00:29"]
[BlackClock "0:00:00"]
[Board "91"]

1. e4 d6 2. d4 Nf6 3. Nc3 g6 4. Nf3 Bg7 5. Be2 Kf8 6. h3 Kg8 7. Be3 Nbd7 8. Qd2 e5 9. O-O-O Qe7 10. dxe5 Nxe5 11. Nxe5 dxe5 12. Qd8+ Bf8 13. Bh6 c6 14. a4 b6 15. Ba6 Bxa6 16. Qxa8 Ne8 17. Bxf8 Kxf8 18. Rd8 Bb7 19. Rxe8+ Qxe8 20. Qxb7 Kg7 21. Qxa7 Qd8 22. h4 Qd4 23. Rf1 Qb4 24. Qc7 Qc5 25. Kb1 Re8 26. f4 Re7 27. Qb8 exf4 28. Qxf4 Qd4 29. g4 h6 30. g5 hxg5 31. hxg5 Kg8 32. Qf6 Rd7 33. Qxc6 Re7 34. Nd5 Re6 35. Nf6+ Kg7 36. Qc8 Rxf6 37. gxf6+ Kh6 38. Qh3+ Kg5 39. Qg3+ 1-0


[Site "https://www.chess.com"]

[Event "Titled Tuesday Blitz August 22 Early 2023"]
[White "Womacka, Mathias"]
[Black "Czopor, Maciej"]
[WhiteFideId "4611390"]
[BlackFideId "21805431"]
[WhiteElo "2456"]
[BlackElo "2597"]
[Result "0-1"]
[Round "10"]
[TimeControl "180+1"]
[Date "2023.08.22"]
[WhiteClock "0:00:13"]
[BlackClock "0:00:03"]
[Board "92"]

1. e4 c5 2. Nf3 a6 3. c4 Nc6 4. d4 cxd4 5. Nxd4 e5 6. Nf5 d5 7. cxd5 Bxf5 8. exf5 Nd4 9. Bd3 Nf6 10. O-O Nxd5 11. Nc3 Be7 12. Be4 Nf6 13. Bxb7 Ra7 14. Qa4+ Kf8 15. Be4 h5 16. Be3 h4 17. Rad1 Rd7 18. Bxd4 exd4 19. Bc6 Rd6 20. Ne4 Nxe4 21. Bxe4 h3 22. g3 d3 23. Rd2 Rd4 24. Qc6 Rh6 25. Qa8 Qxa8 26. Bxa8 Bb4 27. Rdd1 d2 28. a3 Bc5 29. b4 Bb6 30. Bb7 Ba7 31. Bf3 Rf6 32. Be2 Rc6 33. Rb1 Rdd6 34. Rfd1 Rc2 35. Bf1 Ra2 36. Bxh3 Rxa3 37. Bf1 Rf3 38. Bc4 Rxf2 39. Kh1 Ke7 40. b5 a5 41. Rb4 axb4 42. b6 Bxb6 43. Kg1 Rf4+ 44. Kg2 Rxc4 45. Kh3 Rc1 46. g4 Rxd1 47. g5 Rg1 48. f6+ gxf6 49. gxf6+ Kxf6 50. Kh4 Rd4+ 51. Kh5 Rg5+ 52. Kh6 Rh4# 0-1


[Site "https://www.chess.com"]

[Event "Titled Tuesday Blitz August 22 Early 2023"]
[White "Begunov, Konstantin"]
[Black "Borgaonkar Akshay"]
[WhiteFideId "4118510"]
[BlackFideId "25639110"]
[WhiteElo "2440"]
[BlackElo "2580"]
[Result "0-1"]
[Round "10"]
[TimeControl "180+1"]
[Date "2023.08.22"]
[WhiteClock "0:00:05"]
[BlackClock "0:01:29"]
[Board "93"]

1. d4 Nf6 2. c4 g6 3. f3 Bg7 4. e4 d6 5. Nc3 O-O 6. Be3 c5 7. dxc5 dxc5 8. Qxd8 Rxd8 9. Bxc5 Nc6 10. Nd5 Nd7 11. Nxe7+ Nxe7 12. Bxe7 Re8 13. Ba3 f5 14. O-O-O fxe4 15. c5 e3 16. Bc4+ Kh8 17. Ne2 Ne5 18. Bd5 Bf5 19. Bxb7 Rad8 20. Rxd8 Rxd8 21. Be4 Rd2 22. Ng3 Nd3+ 23. Bxd3 Bxd3 24. Rd1 Rc2+ 25. Kb1 e2 26. Nxe2 Rxb2+ 27. Kc1 Rc2+ 28. Kb1 Rc3+ 29. Rxd3 Rxd3 30. Bb2 Bxb2 31. Kxb2 Rd2+ 32. Kc3 Rxe2 33. c6 Re6 0-1


[Site "https://www.chess.com"]

[Event "Titled Tuesday Blitz August 22 Early 2023"]
[White "Kochiev, Ivan"]
[Black "Zeck_CH"]
[WhiteFideId "2917890"]
[WhiteElo "2571"]
[BlackElo "2440"]
[Result "1-0"]
[Round "10"]
[TimeControl "180+1"]
[Date "2023.08.22"]
[WhiteClock "0:00:08"]
[BlackClock "0:00:14"]
[Board "94"]

1. e4 c6 2. d4 g6 3. Nc3 d5 4. Nf3 Bg7 5. Bd3 Bg4 6. Be3 dxe4 7. Nxe4 Nd7 8. h3 Bxf3 9. Qxf3 Ngf6 10. c3 O-O 11. g4 Nxe4 12. Bxe4 e5 13. O-O-O Qa5 14. Kb1 exd4 15. Bxd4 Ne5 16. Qg3 Rfe8 17. Bc2 Qb5 18. h4 a5 19. a4 Qc4 20. h5 b5 21. Rhe1 Nd7 22. Rxe8+ Rxe8 23. Bxg7 Kxg7 24. Rxd7 Re1+ 25. Rd1 Qf1 26. Rxe1 Qxe1+ 27. Ka2 b4 28. cxb4 axb4 29. Kb3 c5 30. Qe3 Qf1 31. h6+ Kf6 32. g5# 1-0


[Site "https://www.chess.com"]

[Event "Titled Tuesday Blitz August 22 Early 2023"]
[White "To, Nhat Minh"]
[Black "Bueno, Alfeu Junior Varela"]
[WhiteFideId "729019"]
[BlackFideId "2108879"]
[WhiteElo "2546"]
[BlackElo "2433"]
[Result "1-0"]
[Round "10"]
[TimeControl "180+1"]
[Date "2023.08.22"]
[WhiteClock "0:00:06"]
[BlackClock "0:00:00"]
[Board "95"]

1. e4 e6 2. d4 d5 3. Nc3 Nf6 4. e5 Nfd7 5. f4 c5 6. Nf3 Nc6 7. Be3 cxd4 8. Nxd4 Bc5 9. Qd2 O-O 10. O-O-O a6 11. Nb3 Be7 12. g4 Na5 13. Kb1 b5 14. Nxa5 Qxa5 15. Nxd5 Qd8 16. Nxe7+ Qxe7 17. Bg2 Rb8 18. Qd6 Qh4 19. Ba7 Bb7 20. Bc6 Ra8 21. Bxb7 Rxa7 22. Qxd7 Rb8 23. g5 h6 24. g6 Raxb7 25. gxf7+ Kf8 26. Qxe6 Qe7 27. Qxa6 Qxf7 28. f5 Kg8 29. b3 Ra7 30. Qd6 Rba8 31. e6 Qxf5 32. e7 Rxa2 33. Qd5+ Qxd5 34. Rxd5 Ra1+ 35. Kb2 R1a2+ 36. Kb1 Ra1+ 37. Kb2 R1a2+ 38. Kc3 Rc8+ 39. Kb4 Kf7 40. Rd8 1-0


[Site "https://www.chess.com"]

[Event "Titled Tuesday Blitz August 22 Early 2023"]
[White "Marn, Jan"]
[Black "Budrewicz, Krzysztof"]
[WhiteFideId "14619245"]
[BlackFideId "1127950"]
[WhiteElo "2493"]
[BlackElo "2543"]
[Result "1-0"]
[Round "10"]
[TimeControl "180+1"]
[Date "2023.08.22"]
[WhiteClock "0:01:25"]
[BlackClock "0:01:32"]
[Board "96"]

1. f4 e5 2. fxe5 d6 3. exd6 Bxd6 4. Nf3 g5 5. g3 Nc6 6. d4 g4 7. Nh4 Nf6 8. Nc3 O-O 9. Bg5 Re8 10. Bg2 Be7 11. d5 Ne5 12. O-O Nh5 13. Bxe7 Qxe7 14. e4 Bd7 15. Nf5 Qg5 16. Qc1 Qxc1 17. Raxc1 f6 18. b3 Rad8 19. Ne2 Bb5 20. c4 Bd7 21. Ned4 Kf7 22. Rce1 Kg6 23. h3 Ng7 24. hxg4 Nxg4 25. Bh3 h5 26. Bxg4 hxg4 27. Rf4 Nxf5 28. exf5+ Kg5 29. Ne6+ Bxe6 30. fxe6 Re7 31. Ref1 Rf8 32. Rf5+ Kg6 33. R1f4 c6 34. Kf2 cxd5 35. cxd5 Rc7 36. Ke3 Rc3+ 37. Kd4 Rxg3 38. e7 Re8 39. Rxf6+ Kg7 40. Rf7+ Kg6 41. R7f6+ Kg7 42. d6 Rg1 43. Rf7+ Kg6 44. R7f6+ Kg7 45. Rf8 Rd1+ 46. Ke5 Re1+ 47. Kd5 Rd1+ 48. Ke6 Re1+ 49. Kd7 1-0


[Site "https://www.chess.com"]

[Event "Titled Tuesday Blitz August 22 Early 2023"]
[White "Baches Garcia, Guillermo"]
[Black "Karamsetty, Jeevan"]
[WhiteFideId "2209764"]
[BlackFideId "2025337"]
[WhiteElo "2429"]
[BlackElo "2524"]
[Result "1-0"]
[Round "10"]
[TimeControl "180+1"]
[Date "2023.08.22"]
[WhiteClock "0:00:19"]
[BlackClock "0:00:09"]
[Board "97"]

1. e4 g6 2. d4 d6 3. g3 Bg7 4. Bg2 Nf6 5. Ne2 O-O 6. O-O Nbd7 7. Nbc3 e5 8. h3 b6 9. Be3 Bb7 10. g4 Re8 11. Ng3 exd4 12. Bxd4 Nc5 13. g5 Nfxe4 14. Ncxe4 Nxe4 15. Bxg7 Kxg7 16. Nxe4 Bxe4 17. Qd4+ Kg8 18. Bxe4 Qxg5+ 19. Bg2 Rad8 20. Rfe1 a5 21. c4 Re5 22. Rxe5 dxe5 23. Qe3 Qf6 24. Re1 Re8 25. f4 e4 26. Re2 Qe6 27. b3 f5 28. Rd2 Qf6 29. Qd4 Qh4 30. Qe3 Re7 31. Rd8+ Kg7 32. Rd5 Kh6 33. a3 Qf6 34. Kh2 Qb2 35. a4 Qf6 36. Rd2 Qh4 37. Qg3 Qf6 38. h4 Kg7 39. Qg5 Qe6 40. h5 e3 41. Re2 Qd6 42. Bd5 h6 43. Qxg6+ Qxg6 44. hxg6 Kxg6 45. Kg3 Kf6 46. Kf3 Rg7 47. Rxe3 Rg1 48. Re6+ Kg7 49. Re7+ Kf6 50. Rxc7 Rb1 51. Rc6+ Ke7 52. Rxb6 Kd7 53. c5 Kc7 54. Rb7+ Kc8 55. c6 Rc1 56. Be6+ Kd8 57. c7+ Rxc7 58. Rxc7 Kxc7 59. Bxf5 Kd6 60. Bd3 Kc5 61. Kg4 1-0


[Site "https://www.chess.com"]

[Event "Titled Tuesday Blitz August 22 Early 2023"]
[White "Miszler, Levente"]
[Black "ExchangeAB"]
[WhiteFideId "763276"]
[WhiteElo "2508"]
[BlackElo "2424"]
[Result "1-0"]
[Round "10"]
[TimeControl "180+1"]
[Date "2023.08.22"]
[WhiteClock "0:00:16"]
[BlackClock "0:00:00"]
[Board "98"]

1. d4 Nf6 2. Nf3 c6 3. g3 d5 4. Bg2 Bf5 5. O-O h6 6. c4 e6 7. Nc3 Be7 8. Nd2 O-O 9. e4 dxe4 10. Ndxe4 Nxe4 11. Nxe4 Nd7 12. Be3 Nf6 13. Qc2 Nxe4 14. Bxe4 Bxe4 15. Qxe4 a5 16. Rfd1 a4 17. d5 exd5 18. cxd5 cxd5 19. Rxd5 Qe8 20. Re5 f5 21. Qd5+ Qf7 22. Rxf5 Qxd5 23. Rxd5 Bf6 24. Rb1 Rfc8 25. b3 axb3 26. Rxb3 Rc7 27. Rd2 Kh7 28. Kg2 Rf7 29. Rc2 Ra4 30. Bf4 Bd4 31. Bc7 Bxf2 32. Rxb7 Bd4 33. Rb3 Ba7 34. Bf4 Rd7 35. Be5 Rd5 36. Re2 Bd4 37. Bxd4 Rdxd4 38. Rb7 Rg4 39. h3 Rg6 40. Rb3 h5 41. a3 Rga6 42. Ree3 h4 43. g4 Rf4 44. Rf3 Re4 45. Rf5 Re2+ 46. Kf3 Ra2 47. Rh5+ Kg8 48. Rb8+ Kf7 49. Rf5+ Kg6 50. Rfb5 R2xa3+ 51. Rb3 Rxb3+ 52. Rxb3 Rc6 53. Rb5 Rc3+ 54. Kf4 Rxh3 55. Rb6+ Kh7 56. Kg5 Rh1 57. Rb2 h3 58. Kh4 Kg6 59. Rb6+ Kf7 60. Rb7+ Kf6 61. Rb6+ Ke5 62. Kg3 Rc1 63. Kxh3 Rc7 64. Kh4 Kf4 65. Kh5 Rc1 66. Rb4+ Ke5 67. Kg6 Rc7 68. g5 Ke6 69. Rf4 Ke5 70. Rf7 Rc1 71. Kxg7 Ke6 72. g6 Rg1 73. Rf2 Rg3 74. Re2+ Kd7 75. Kf7 Rf3+ 76. Kg8 Rg3 77. g7 Rg4 78. Rf2 Ke7 79. Rf7+ Ke6 80. Kf8 Ra4 81. Re7+ Kf6 82. g8=Q Ra8+ 83. Re8 1-0


[Site "https://www.chess.com"]

[Event "Titled Tuesday Blitz August 22 Early 2023"]
[White "Dwilewicz, Katarzyna"]
[Black "matenitian"]
[WhiteFideId "1148486"]
[WhiteElo "2422"]
[BlackElo "2505"]
[Result "1-0"]
[Round "10"]
[TimeControl "180+1"]
[Date "2023.08.22"]
[WhiteClock "0:00:07"]
[BlackClock "0:00:10"]
[Board "99"]

1. e4 e5 2. Nf3 Nc6 3. Bc4 Nf6 4. d3 h6 5. O-O d6 6. c3 g5 7. Re1 Bg7 8. d4 O-O 9. dxe5 dxe5 10. Qxd8 Rxd8 11. Nbd2 g4 12. Nh4 Na5 13. Bf1 Be6 14. Nf5 Bf8 15. b3 Nxe4 16. Nxh6+ Bxh6 17. Nxe4 Bxc1 18. Raxc1 Kg7 19. Rcd1 b6 20. Ng5 Bf5 21. Rxd8 Rxd8 22. Rxe5 Kf6 23. f4 Rd1 24. Kf2 Nc6 25. Re1 Rd2+ 26. Re2 Rd8 27. Ne4+ Kg6 28. Ng3 Bc8 29. Ke1 Rh8 30. Rd2 Rxh2 31. Bb5 Ne7 32. Nf1 Rh1 33. Kf2 Be6 34. Bd3+ Kf6 35. Ng3 Ra1 36. Ne4+ Kg7 37. Ng5 Bc8 38. Bc4 f6 39. Ne6+ Bxe6 40. Bxe6 f5 41. b4 Kf6 42. Bb3 Rc1 43. Rc2 Rh1 44. Re2 a5 45. Re6+ Kf7 46. Rh6+ Kg7 47. Rxh1 Ng6 48. g3 axb4 49. cxb4 c5 50. bxc5 bxc5 51. Rc1 1-0


[Site "https://www.chess.com"]

[Event "Titled Tuesday Blitz August 22 Early 2023"]
[White "Pavlidou, Ekaterini"]
[Black "Warchol, Kamil"]
[WhiteFideId "4213262"]
[BlackFideId "21858241"]
[WhiteElo "2371"]
[BlackElo "2504"]
[Result "1/2-1/2"]
[Round "10"]
[TimeControl "180+1"]
[Date "2023.08.22"]
[WhiteClock "0:00:11"]
[BlackClock "0:00:09"]
[Board "100"]

1. d4 Nf6 2. c4 e6 3. Nc3 Bb4 4. e3 O-O 5. Bd2 b6 6. Nf3 Bb7 7. Bd3 d5 8. cxd5 exd5 9. Rc1 a6 10. Ne5 c5 11. a3 Ba5 12. O-O Re8 13. f4 Nbd7 14. Be1 Rc8 15. Bh4 Qc7 16. b4 cxb4 17. axb4 Bxb4 18. Na2 Qd6 19. Nxd7 Nxd7 20. Rxc8 Bxc8 21. Qb1 Bd2 22. Bxh7+ Kh8 23. Rf3 Rxe3 24. Qc2 Rxf3 25. gxf3 Bxf4 26. Bf5 Bb7 27. Qg2 g6 28. Bxd7 Qxd7 29. Bf6+ Kg8 30. Qe2 Qe6 31. Qxe6 fxe6 32. Kf2 Kf7 33. Bd8 b5 34. h3 Bd2 35. Ke2 Bf4 36. Nb4 Bd6 37. Nd3 Ke8 38. Bb6 Kd7 39. Nc5+ Bxc5 40. Bxc5 a5 41. Bb6 a4 42. Bc5 Kc6 43. f4 Bc8 44. Bb4 e5 45. fxe5 Bxh3 46. Kf3 Kd7 47. Kf4 Ke6 48. Kg5 Bf5 49. Bc5 Bd3 50. Bb4 Bf5 51. Bc5 Kd7 52. Bb4 Kc6 53. Kf4 Kb6 54. Kg5 Kc6 55. Kf4 Kc7 56. Ke3 Kd7 57. Kf4 Ke8 58. Kg5 Kf7 59. Bc5 Ke6 60. Bb4 Kf7 61. Bc5 Ke8 62. Bb4 Kd8 63. Bc5 Kc7 64. Bb4 Kc6 1/2-1/2


[Site "https://www.chess.com"]

[Event "Titled Tuesday Blitz August 22 Early 2023"]
[White "Buchenau, Frank"]
[Black "le-castor-faineant"]
[WhiteFideId "4604350"]
[WhiteElo "2432"]
[BlackElo "2274"]
[Result "1-0"]
[Round "10"]
[TimeControl "180+1"]
[Date "2023.08.22"]
[WhiteClock "0:01:18"]
[BlackClock "0:01:59"]
[Board "101"]

1. e4 e5 2. Bc4 Nc6 3. Nf3 Nf6 4. d3 Bc5 5. O-O O-O 6. c3 d5 7. exd5 Nxd5 8. Re1 Re8 9. d4 exd4 10. Rxe8+ Qxe8 11. Bxd5 dxc3 12. Nxc3 Bg4 13. Ne4 Bb6 14. Neg5 Rd8 15. Qd3 Nb4 16. Qxh7+ Kf8 17. Qh8+ Ke7 18. Qxe8+ Kxe8 19. Bxf7+ Kf8 20. Bd2 Nc2 21. Rc1 Nd4 1-0


[Site "https://www.chess.com"]

[Event "Titled Tuesday Blitz August 22 Early 2023"]
[White "Kleiman, Jake"]
[Black "Tiarks, Jann-Christian"]
[WhiteFideId "2020041"]
[BlackFideId "12951595"]
[WhiteElo "2660"]
[BlackElo "2328"]
[Result "1-0"]
[Round "10"]
[TimeControl "180+1"]
[Date "2023.08.22"]
[WhiteClock "0:00:31"]
[BlackClock "0:00:35"]
[Board "102"]

1. Nf3 Nf6 2. g3 g6 3. Bg2 Bg7 4. O-O O-O 5. d3 d5 6. Nbd2 c6 7. e4 Bg4 8. Re1 e6 9. h3 Bxf3 10. Qxf3 Nbd7 11. Qe2 dxe4 12. dxe4 e5 13. Nc4 Qc7 14. b3 Rfe8 15. a4 b5 16. axb5 cxb5 17. Ne3 b4 18. Qa6 Nc5 19. Qa5 Qxa5 20. Rxa5 Ncxe4 21. Nc4 Nc3 22. Bxa8 Rxa8 23. Rexe5 Rd8 24. Be3 Nfd5 25. Rg5 Bf6 26. Rgxd5 Nxd5 27. Bc5 Bc3 28. Rxa7 Nf6 29. Kg2 Ne4 30. Be3 Re8 31. Rb7 h5 32. g4 hxg4 33. hxg4 Nf6 34. Kf3 Rd8 35. Bg5 Rd5 36. Bxf6 Bxf6 37. Rxb4 Kg7 38. Rb7 Rd1 39. Ke2 Rc1 40. Kd2 Rf1 41. Ke2 Rc1 42. Ne3 Bg5 43. Rc7 Bf4 44. Rc4 Bg5 45. f4 Bh4 46. g5 Re1+ 47. Kf3 Rh1 48. b4 Rb1 49. c3 Be1 50. Rc7 Bd2 51. Nd5 Rd1 52. Ke2 Bxf4 53. Kxd1 Bxc7 54. Nxc7 1-0


[Site "https://www.chess.com"]

[Event "Titled Tuesday Blitz August 22 Early 2023"]
[White "Hua, Lefong"]
[Black "Eggleston, Thomas A"]
[WhiteFideId "2602253"]
[BlackFideId "412139"]
[WhiteElo "2658"]
[BlackElo "2432"]
[Result "1-0"]
[Round "10"]
[TimeControl "180+1"]
[Date "2023.08.22"]
[WhiteClock "0:02:17"]
[BlackClock "0:01:44"]
[Board "103"]

1. d4 Nf6 2. c4 c5 3. d5 e5 4. Nc3 d6 5. e4 Be7 6. g3 Nbd7 7. Bg2 Nf8 8. Nge2 Ng6 9. O-O O-O 10. f4 exf4 11. gxf4 Nh5 12. Ng3 Nxg3 13. hxg3 f5 14. Re1 fxe4 15. Nxe4 Bf5 16. Bd2 Bf6 17. Nxf6+ Qxf6 18. Bc3 Qf7 19. g4 Bd7 20. f5 Nf4 21. Qf3 Nxg2 22. Kxg2 b5 23. b3 bxc4 24. bxc4 Rab8 25. Qf4 Rb4 26. Bxb4 cxb4 27. Qxd6 Bxf5 28. gxf5 Qxf5 29. Qe6+ 1-0


[Site "https://www.chess.com"]

[Event "Titled Tuesday Blitz August 22 Early 2023"]
[White "Eynullayev, Atilla"]
[Black "Pershina, Elena"]
[WhiteFideId "13413570"]
[BlackFideId "24147516"]
[WhiteElo "2621"]
[BlackElo "2424"]
[Result "1-0"]
[Round "10"]
[TimeControl "180+1"]
[Date "2023.08.22"]
[WhiteClock "0:00:07"]
[BlackClock "0:00:00"]
[Board "104"]

1. d4 d5 2. c4 c6 3. Nf3 Nf6 4. g3 dxc4 5. Bg2 Bf5 6. a4 e6 7. Na3 Bb4+ 8. Bd2 Bxd2+ 9. Qxd2 O-O 10. Nxc4 Nbd7 11. O-O Nb6 12. Nce5 Be4 13. Rfc1 Qe7 14. b4 Nbd5 15. b5 cxb5 16. axb5 h6 17. Bf1 a6 18. Qb2 axb5 19. Qxb5 Rxa1 20. Rxa1 Rc8 21. Nd2 Nc3 22. Qb2 Bd5 23. Rc1 Qc7 24. Nd3 Be4 25. Nc5 Na4 26. Qb4 Nxc5 27. Rxc5 Qd7 28. f3 Bc6 29. e4 Rd8 30. Nb3 Qe7 31. Bb5 Nd7 32. Rc4 Qxb4 33. Rxb4 Ra8 34. Bxc6 bxc6 35. Rb7 Nf6 36. Nc5 Rd8 37. Nb3 Ra8 38. Kf2 Ra2+ 39. Ke3 Rxh2 40. Rc7 Rc2 41. Nc5 Rc3+ 42. Ke2 h5 43. Rxc6 g5 44. Rc7 h4 45. gxh4 gxh4 46. Nxe6 Ra3 47. Ng5 Nh5 48. d5 Nf4+ 49. Kf2 Ra2+ 50. Ke3 Ng2+ 51. Kd4 Nf4 52. Ke5 Nd3+ 53. Kf5 1-0


[Site "https://www.chess.com"]

[Event "Titled Tuesday Blitz August 22 Early 2023"]
[White "Romero Ruscalleda, Josep"]
[Black "Jakubowski, Krzysztof"]
[WhiteFideId "2231859"]
[BlackFideId "1112848"]
[WhiteElo "2422"]
[BlackElo "2621"]
[Result "0-1"]
[Round "10"]
[TimeControl "180+1"]
[Date "2023.08.22"]
[WhiteClock "0:00:38"]
[BlackClock "0:00:21"]
[Board "105"]

1. e4 c5 2. c3 Nf6 3. e5 Nd5 4. Nf3 e6 5. d4 cxd4 6. cxd4 d6 7. a3 dxe5 8. dxe5 Bd7 9. Bd3 Bc6 10. O-O Be7 11. Qe2 Nd7 12. Bd2 a5 13. Nc3 Nc5 14. Bb5 Rc8 15. Nxd5 Qxd5 16. Rad1 Qb3 17. Bxc6+ bxc6 18. Bxa5 Na4 19. Rd2 O-O 20. Rc1 Ra8 21. Bc3 c5 22. Qe4 Rad8 23. h3 Rxd2 24. Nxd2 Nxc3 25. Rxc3 Qxb2 26. Qc2 Qb8 27. a4 Qxe5 28. a5 Ra8 29. Nc4 Qe1+ 30. Kh2 g6 31. g3 Bf6 32. Rd3 Bd4 33. Kg2 Qe4+ 34. f3 Qc6 35. Rb3 Rd8 36. Rb6 Qd5 37. a6 Kg7 38. a7 Ra8 39. Qa2 Rxa7 40. Qxa7 Qxc4 41. h4 Qe2+ 42. Kh3 Qf1+ 43. Kg4 h5+ 44. Kf4 Qc1+ 45. Ke4 Qc2+ 46. Kf4 Qf5# 0-1


[Site "https://www.chess.com"]